 Dungeon Sprint DCSS version 0.21-a0-55-gb612c23 (webtiles) character file.

445 Kidiri the Blocker (level 7, -1/49 HPs)
             Began as a Gargoyle Fighter on June 14, 2017.
             Was an Initiate of Okawaru.
             Slain by a sixfirhy (5 damage)
             ... summoned by a kobold demonologist
             ... in the Dungeon (Sprint III: "The Ten Rune Challenge").
             The game lasted 00:02:59 (820 turns).

Kidiri the Blocker (Gargoyle Fighter)                Turns: 820, Time: 00:03:00

Health: -1/49      AC: 15    Str: 24    XL:     7   Next: 3%
Magic:  7/7        EV:  8    Int:  8    God:    Okawaru [......]
Gold:   27         SH: 17    Dex: 11    Spells: 6/6 levels left

rFire    . . .     SeeInvis .   a - +0 flail
rCold    . . .     Gourm    .   c - +0 large shield
rNeg     + . .     Faith    .   b - +0 scale mail
rPois    ∞         Spirit   .   (helmet restricted)
rElec    +         Reflect  .   (no cloak)
rCorr    .         Harm     .   (no gloves)
MR       .....     NoTele   +   (no boots)
Stlth    ..........             (no amulet)
HPRegen  0.16/turn              (no ring)
MPRegen  0.10/turn              (no ring)

@: no status effects
A: claws 1, horns 1, yellow scales 1, agile 1, negative energy resistance 1,
electricity resistance, strong 1, unbreathing, petrification resistance, rot
immunity, AC +4
a: Renounce Religion


You were in the Dungeon.
You worshipped Okawaru.
Okawaru was noncommittal.
You were not hungry.

You visited 1 branch You collected 27 gold pieces.

Inventory:

Hand Weapons
 a - a +0 flail (weapon)
Armour
 b - a +0 scale mail (worn)
 c - a +0 large shield (worn)
Scrolls
 k - a scroll of blinking
 n - a scroll of holy word
 o - a scroll of identify
 p - 3 scrolls of remove curse
 q - a scroll of torment
Potions
 h - 2 potions of haste
 i - 2 potions of magic
 m - 3 potions of mutation
Comestibles
 f - a bread ration
 l - 2 royal jellies
 r - a fruit


   Skills:
 * Level 8.2 Fighting
 * Level 7.1 Maces & Flails
 * Level 8.1 Armour
 + Level 3.6 Dodging
 * Level 8.3 Shields


You had 6 spell levels left.
You didn't know any spells.

Dungeon Overview and Level Annotations

Branches:
Dungeon (1/1)

Altars:
Kikubaaqudgha
Okawaru
Sif Muna
Trog
Uskayaw
Vehumet
Wu Jian
Beogh


Innate Abilities, Weirdness & Mutations

You are resistant to torment.
Your stone body is resilient. (AC +4)
You are immune to poison.
You resist negative energy. (rN+)
You are resistant to electric shocks. (rElec)
You can survive without breathing.
You are immune to petrification.
You are immune to rotting.
You have sharp fingernails.
You have a pair of small horns on your head.
You are partially covered in yellow scales. (AC +2)
You are agile. (Dex +2)
Your muscles are strong. (Str +2)


Message History

The sixfirhy is heavily wounded.
The ufetubus disappears in a puff of smoke!
You block the ice devil's attack.
You completely miss the sixfirhy.
The sixfirhy is heavily wounded.
The ice devil hits you but does no damage.
Unknown command.
You barely miss the sixfirhy.
The sixfirhy is moderately wounded.
You block the sixfirhy's attack. x2
The kobold demonologist mumbles some strange words.
You block the ice devil's attack. You block the sixfirhy's attack.
You barely miss the sixfirhy. Your headbutt misses the sixfirhy.
The sixfirhy is moderately wounded.
You block the sixfirhy's attack. The sixfirhy closely misses you.
You block the sixfirhy's attack.
The sixfirhy hits you but does no damage.
The ice devil hits you but does no damage.
The sixfirhy hits you.
You die...

#..#......♣ ♣♣.# #___#
####....♣♣♣ ♣..# #__.#
...#....≈.♣ ♣♣.###+#+###+##
...#...≈≈.♣♣♣♣.#..........#
...#..≈≈≈≈.♣...'.⌠........#
##'#..≈≈≈≈≈≈.♣.#...######+#
.÷.#.≈≈≈≈≈≈....#.⌠.#
...#.≈≈≈≈≈.....#...#
...#.≈≈≈.......#@###
####...........#345#
...)...........#K54#
▓▓▓▓▓▓▓▓▓▓▓▓▓▓▓▓▓▓▓▓


You could see an orange demon, an ice devil, a kobold demonologist, a sixfirhy
and 2 ufetubi.

Vanquished Creatures
  A water elemental (D)
  A scorpion (D)
  A wizard (D)
  3 humans (D)
  2 oozes (D)
  2 rats (D)
10 creatures vanquished.

Vanquished Creatures (others)
  2 draconian scorchers (D)
  6 hellions (D)
  2 yaktaurs (D)
10 creatures vanquished.

Grand Total: 20 creatures vanquished

Notes
Turn   | Place    | Note
-------+----------+-------------------------------------------
     0 | D        | Kidiri the Gargoyle Fighter began the quest for the Orb.
     0 | D        | Reached XP level 1. HP: 14/14 MP: 1/1
    12 | D        | Reached XP level 2. HP: 16/20 MP: 2/2
    20 | D        | Killed a yaktaur
    74 | D        | Killed a hellion
   102 | D        | Killed a hellion
   103 | D        | Killed a hellion
   104 | D        | Killed a hellion
   127 | D        | Reached skill level 1 in Dodging
   127 | D        | Reached XP level 3. HP: 8/24 MP: 3/3
   133 | D        | Killed a hellion
   185 | D        | Killed a white draconian scorcher
   186 | D        | Killed a white draconian scorcher
   288 | D        | Killed a hellion
   328 | D        | Noticed a scorpion
   342 | D        | Killed a scorpion
   342 | D        | Reached skill level 5 in Fighting
   342 | D        | Reached skill level 5 in Armour
   342 | D        | Reached skill level 5 in Shields
   342 | D        | Reached XP level 4. HP: 19/31 MP: 4/4
   360 | D        | Gained mutation: You are partially covered in yellow scales. (AC +2) [potion of mutation]
   360 | D        | Gained mutation: You can translocate small distances at will. [potion of mutation]
   360 | D        | Gained mutation: You are resistant to hostile enchantments. (MR+) [potion of mutation]
   361 | D        | Lost mutation: You are resistant to hostile enchantments. (MR+) [potion of mutation]
   361 | D        | Lost mutation: You can translocate small distances at will. [potion of mutation]
   361 | D        | Gained mutation: You are agile. (Dex +2) [potion of mutation]
   361 | D        | Gained mutation: You have a pair of small horns on your head. [potion of mutation]
   361 | D        | Gained mutation: You have sharp fingernails. [potion of mutation]
   361 | D        | Gained mutation: Your muscles are strong. (Str +2) [potion of mutation]
   493 | D        | Noticed a water elemental
   503 | D        | Killed a water elemental
   503 | D        | Reached skill level 5 in Maces & Flails
   503 | D        | Reached XP level 5. HP: 36/36 MP: 5/5
   515 | D        | Found an ornate altar of the Wu Jian Council.
   515 | D        | Found a roughly hewn altar of Beogh.
   515 | D        | Found an iron altar of Okawaru.
   515 | D        | Found a bloodstained altar of Trog.
   515 | D        | Found a hide-covered altar of Uskayaw.
   515 | D        | Noticed a human
   515 | D        | Noticed a human
   555 | D        | Killed a human
   555 | D        | Reached XP level 6. HP: 13/44 MP: 6/6
   560 | D        | HP: 2/44 [human/hand axe (14)]
   565 | D        | Killed a human
   711 | D        | Became a worshipper of Warmaster Okawaru
   754 | D        | Killed a yaktaur
   797 | D        | Found a radiant altar of Vehumet.
   798 | D        | Found a deep blue altar of Sif Muna.
   798 | D        | Found an ancient bone altar of Kikubaaqudgha.
   802 | D        | Reached XP level 7. HP: 49/49 MP: 7/7
   805 | D        | Noticed a sixfirhy
   805 | D        | Noticed an ice devil
   820 | D        | Noticed an orange demon
   820 | D        | Slain by a sixfirhy

Vault maps used:
D:        dungeon_sprint_mu

Skill      XL: |  1  2  3  4  5  6 |
---------------+-------------------+-----
Shields        | 4 5 6 7 8 |  8.3
Fighting       | 4 5 6 7 8 |  8.2
Maces & Flails | 3 4 5 6 7 |  7.1
Armour         | 4 5 6 7 8 |  8.1
Dodging        | 1 2 3 |  3.6

Action                   |  1- 3 |  4- 6 |  7- 9 || total
-------------------------+-------+-------+-------++-------
Melee: Flail             |    52 |    38 |    18 ||   108
       Headbutt          |       |     9 |     2 ||    11
  Use: Potion            |       |     7 |       ||     7
       Scroll            |       |     2 |       ||     2
Armor: Scale mail        |    25 |    16 |    17 ||    58
Dodge: Dodged            |    12 |    20 |    12 ||    44
Block: Shield            |    23 |    16 |       ||    39
       Large shield      |       |     5 |    31 ||    36
